AoeStats
← StarKiller

Arena

510117432Analyzed
2v2 RM · 24h ago on Sep 29, 2026· 37m 8s· 4 players
Game mode
Random Map
Map size
Medium (4 player)
Population
200
Speed
Normal
Resources
Standard
Victory
Conquest
Starting age
Dark Age
Ending age
Imperial Age
RankedLock teamsTeams togetherTeam positionsShared explorationLock speedFull tech treeHidden civsTurbo modeCheats
Victory
Defeat
🇦🇷 Bohemians · Argentina
753
+26
🇮🇳 Vikings · India
688
+19
🇵🇪 Persians · Peru
770
-18
🇲🇽 Bulgarians · Mexico
731
-17
abe.anderman
12:52 Feudal Age
12:40 Loom
15:33 Double-Bit Axe
16:57 Wheelbarrow
18:45 Gold Mining
19:02 Horse Collar
23:25 Castle Age
27:29 Bow Saw
28:26 Stone Mining
StarKiller
1:35 Loom
14:05 Feudal Age
15:00 Horse Collar
15:24 Double-Bit Axe
19:48 Castle Age
19:13 Gold Mining
21:14 Fletching
23:08 Wheelbarrow
25:13 Heavy Plow
25:26 Bow Saw
30:53 Imperial Age
28:52 Bodkin Arrow
33:39 Hand Cart
33:27 Stone Mining
35:17 Scale Barding Armor
35:22 Forging
bmo
10:50 Feudal Age
9:16 Loom
11:04 Feudal Age
16:19 Castle Age
16:20 Arson
17:05 Horse Collar
21:22 Double-Bit Axe
25:36 Forging
25:27 Scale Mail Armor
34:53 Iron Casting
Diego21301
3:39 Loom
12:05 Feudal Age
12:44 Double-Bit Axe
14:35 Horse Collar
16:34 Wheelbarrow
20:30 Castle Age
26:33 Bow Saw
28:12 Chemistry
30:25 Imperial Age
32:40 Two-Man Saw
33:34 Heavy Plow
35:25 Pikeman
Connection lost

Rejoining the realm…

Still unreachable

The connection could not be restored.

Session expired

The server has moved on; the page needs a fresh start.